 Dungeon Crawl Stone Soup version 0.29-a0-823-gc37b1572da (webtiles) character file.

Game seed: 15683214853498979634

25477 ytrimaz the Fighter (level 12, -10/102 HPs)
             Began as a Demonspawn Berserker on July 9, 2022.
             Was a Priest of Trog.
             Mangled by a large slime creature (25 damage)
             ... on level 12 of the Dungeon.
             The game lasted 00:28:33 (16237 turns).

ytrimaz the Fighter (Demonspawn Berserker)         Turns: 16237, Time: 00:28:33

Health: -10/102    AC: 44    Str: 28    XL:     12   Next: 89%
Magic:  14/14      EV:  6    Int:  8    God:    Trog [***...]
Gold:   1523       SH:  4    Dex: 12    Spells: 11/11 levels left

rFire   . . .      SeeInvis .   H - +0 hand axe (vamp)
rCold   + . .      Faith    +   (no shield)
rNeg    + . .      Spirit   .   c - +0 crystal plate armour
rPois   .          Reflect  .   l - +2 helmet
rElec   .          Harm     .   F - +0 cloak
rCorr   .          Rampage  .   B - +2 pair of gloves
Will    .....                   (no boots)
Stlth   ..........              k - amulet of faith
HPRegen 0.27/turn               h - ring of positive energy
MPRegen 0.14/turn               A - +6 ring of strength

@: sanguine armoured, on berserk cooldown, unable to drink
A: hooves 2, icemail 1, powered by death 1, sanguine armour 3, condensation
shield, cold resistance 1, dopey 1, inability to drink while threatened 1
a: Renounce Religion, Berserk, Trog's Hand


You were on level 12 of the Dungeon.
You worshipped Trog.
Trog was most pleased with you.
You visited 1 branch of the dungeon, and saw 12 of its levels.
You also visited: Ossuary and Bailey.

You collected 1663 gold pieces.
You spent 140 gold pieces at shops.

Inventory:

Hand Weapons
 a - a +1 hand axe
 i - a +0 war axe
 H - a +0 vampiric hand axe (weapon)
Missiles
 K - 7 throwing nets
Armour
 c - a +0 crystal plate armour (worn)
 l - a +2 helmet (worn)
 B - a +2 pair of gloves (worn)
 F - a +0 cloak (worn)
 I - a +0 tower shield
 L - +2 ice dragon scales
Jewellery
 g - a +6 ring of dexterity
 h - a ring of positive energy (left hand)
 k - an amulet of faith (around neck)
 s - a +6 ring of dexterity
 A - a +6 ring of strength (right hand)
 P - a ring of fire
Wands
 b - a wand of digging (15)
 j - a wand of flame (42)
 q - a wand of roots (7) (quivered)
 J - a wand of charming (8)
 N - a wand of mindburst (4)
Scrolls
 m - 2 scrolls of blinking
 n - a scroll of torment
 p - 2 scrolls of teleportation
 t - 4 scrolls of noise
 u - 2 scrolls of enchant weapon
 y - 3 scrolls of magic mapping
 D - a scroll of enchant armour
 G - 2 scrolls of fog
 M - a scroll of fear
Potions
 d - 2 potions of berserk rage
 e - 5 potions of degeneration
 f - a potion of magic
 o - 6 potions of attraction
 r - 3 potions of cancellation
 v - 2 potions of might
 w - a potion of haste {unknown}
 x - 3 potions of ambrosia
 z - 3 potions of brilliance
 C - 2 potions of flight
 E - 3 potions of lignification {unknown}
 O - 4 potions of curing


   Skills:
 - Level 12.0 Fighting
 + Level 2.1(2.6) Short Blades
 + Level 2.1(2.6) Long Blades
 - Level 8.0 Axes
 + Level 2.1 Staves
 + Level 2.3 Ranged Weapons
 - Level 0.1 Throwing
 - Level 10.1 Armour
 - Level 1.7 Dodging
 - Level 10.8 Shields
 + Level 3.3 Invocations


You had 11 spell levels left.
You didn't know any spells.
Your spell library was empty.

Dungeon Overview and Level Annotations

Branches:
Dungeon (12/15)            Temple (0/1) D:7            Lair (0/6) D:9
Ossuary (visited)          Bailey (visited)
    Orc: D:9-12

Altars:
Ashenzari
Cheibriados
Dithmenos
Gozag
Okawaru
Qazlal
Ru
Trog
Uskayaw
Yredelemnul

Shops:
D:6 *


Innate Abilities, Weirdness & Mutations

You have hoof-like feet.
A meltable icy envelope protects you from harm. (AC +4)
You regenerate a little health from kills.
When seriously injured, your blood forms very thick armour. (AC +12)
A meltable shield of frost defends you. (SH +4)
Your flesh is cold resistant. (rC+)
You are dopey. (Int -2)
You occasionally lose the ability to drink potions when taking damage.


Message History

You hit the very large slime creature but do no damage.
The slime creature hits you but does no damage.
The slime creature hits you. You block the slime creature's attack.
The very large slime creature hits you!!
You feel threatened and lose the ability to drink potions!
Unknown command.
The very large slime creature attacks as you move away!
The very large slime creature hits you but does no damage.
The slime creature hits you but does no damage.
The slime creature hits you!
* * * LOW HITPOINT WARNING * * *
Two slime creatures merge to form an enormous slime creature.
Two slime creatures merge to form a large slime creature.
A very large slime creature splits.
A large slime creature splits.
The large slime creature barely misses you.
Two slime creatures merge to form a very large slime creature.
The enormous slime creature hits you but does no damage.
The slime creature hits you but does no damage.
The very large slime creature attacks as you move away!
The very large slime creature barely misses you.
The enormous slime creature attacks as you move away!
The enormous slime creature barely misses you.
You can drink potions again.
A very large slime creature splits.
Two slime creatures merge to form a titanic slime creature.
The slime creature hits you!
* * * LOW HITPOINT WARNING * * *
The slime creature attacks as you move away!
You block the slime creature's attack.
The slime creature attacks as you move away!
The slime creature hits you but does no damage.
A titanic slime creature splits.
Two slime creatures merge to form an enormous slime creature.
Two slime creatures merge to form a large slime creature.
You feel yourself speed up.
The large slime creature attacks as you move away!
The large slime creature hits you!!
You feel threatened and lose the ability to drink potions!
You die...

#.# ##### #.# #####
#.## #######....
#..######......####
####.........######
#.......######
##.....### #......#
#### #.....@#
#...## #....#J#
#.....#
#....#.###......#
#...##J##........
##.###J#J........
### #...........
##..<........
#............
##............


You could see an enormous slime creature and 2 large slime creatures.

Vanquished Creatures
  Josephine (D:10)
  A rakshasa (D:9)
  Erolcha (D:10)
  Harold (D:10)
  2 boulder beetles
  The ghost of blackman the Skirmisher, a journeyman HuDe of Elyvilon (D:10)
  3 two-headed ogres
  A skeletal warrior (D:9)
  Lodul (D:10)
  An ugly thing (D:11)
  3 manticores
  4 gargoyles
  2 komodo dragons
  An efreet (D:11)
  4 unseen horrors
  2 trolls (D:11)
  Prince Ribbit (D:8)
  Grinder (D:6)
  A hornet (D:11)
  7 slime creatures
  6 wraiths
  A shadow (D:9)
  Eustachio (D:6)
  Sigmund (D:4)
  8 yaks
  A vampire (D:10)
  A wyvern (D:9)
  5 humans (D:10)
  3 neqoxecs (D:10)
  7 vampire mosquitoes
  Menkaure (D:7)
  An acid dragon (D:10)
  An ice beast (D:7)
  12 orc warriors
  A sky beast (D:7)
  6 black bears
  9 ogres
  4 centaurs
  An elf zombie (D:4)
  Blork the orc (D:6)
  4 bullfrogs
  7 kobold brigands
  A gnoll sergeant (D:9)
  A necrophage (D:5)
  3 elf skeletons (D:4)
  3 scorpions
  2 water moccasin zombies (Ossuary)
  4 wights (D:7)
  16 killer bees
  8 howler monkeys
  2 quasits (D:10)
  5 hounds
  A human zombie (D:4)
  4 jellies
  5 orc priests
  2 iguanas
  A human skeleton (D:4)
  Jessica (D:2)
  A scorpion zombie (D:4)
  Ijyb (D:5)
  5 orc wizards
  A hound zombie (D:4)
  2 mummies (Ossuary)
  Robin (D:2)
  8 gnolls
  7 adders
  2 ufetubi (D:5)
  6 adder zombies
  2 worms
  2 dart slugs
  35 orcs
  9 endoplasms
  5 giant cockroaches
  5 gnoll zombies (Ossuary)
  14 hobgoblins
  3 jackals (D:1)
  7 quokkas
  9 ball pythons
  8 bats
  4 frilled lizards
  21 goblins
  4 hobgoblin zombies (Ossuary)
  37 kobolds
  2 kobold zombies (Ossuary)
  3 orc skeletons (D:4)
  12 orc zombies
  10 rats
406 creatures vanquished.

Vanquished Creatures (others)
  5 plants (D:5)
5 creatures vanquished.

Grand Total: 411 creatures vanquished

Notes
Turn   | Place    | Note
-------+----------+-------------------------------------------
     0 | D:1      | ytrimaz the Demonspawn Berserker began the quest for the
                  | Orb.
     0 | D:1      | Reached XP level 1. HP: 18/18 MP: 1/1
   436 | D:1      | Gained mutation: A meltable shield of frost defends you.
                  | (SH +4) [demonic ancestry]
   436 | D:1      | Reached XP level 2. HP: 20/24 MP: 2/2
  1004 | D:1      | Gained mutation: When seriously injured, your blood forms
                  | armour. (AC +12) [demonic ancestry]
  1004 | D:1      | Reached XP level 3. HP: 18/29 MP: 3/3
  1231 | D:1      | Reached ** piety under Trog
  1667 | D:1      | Found a faded altar of an unknown god.
  2002 | D:2      | Noticed Robin
  2026 | D:2      | Killed Robin
  2027 | D:2      | Gained mutation: When seriously injured, your blood forms
                  | thick armour. (AC +12) [demonic ancestry]
  2027 | D:2      | Reached XP level 4. HP: 37/37 MP: 4/4
  2385 | D:2      | Noticed Jessica
  2405 | D:2      | Killed Jessica
  2406 | D:2      | Reached skill level 4 in Fighting
  2413 | D:2      | Reached *** piety under Trog
  2797 | D:2      | Gained mutation: You have large cloven feet. [demonic
                  | ancestry]
  2797 | D:2      | Reached XP level 5. HP: 42/42 MP: 5/5
  3154 | D:3      | Reached skill level 5 in Axes
  3763 | D:3      | Found a broken altar of Ashenzari.
  3957 | D:4      | Reached skill level 5 in Fighting
  3957 | D:4      | Reached XP level 6. HP: 32/51 MP: 6/6
  4118 | D:4      | Noticed Sigmund
  4142 | D:4      | Killed Sigmund
  4143 | D:4      | Reached skill level 6 in Fighting
  4145 | D:4      | Found an iron altar of Okawaru.
  4276 | D:4      | Gained mutation: You regenerate a little health from kills.
                  | [demonic ancestry]
  4276 | D:4      | Reached XP level 7. HP: 59/59 MP: 7/7
  4314 | D:4      | Reached skill level 7 in Fighting
  4338 | D:4      | Found a sand-covered staircase.
  4354 | Ossuary  | Entered an ossuary
  4436 | Ossuary  | Reached **** piety under Trog
  4550 | Ossuary  | Reached skill level 8 in Fighting
  4879 | D:4      | Reached XP level 8. HP: 66/69 MP: 8/8
  4950 | D:4      | Found a basalt altar of Yredelemnul.
  5047 | D:4      | Reached ***** piety under Trog
  5245 | D:4      | Reached skill level 9 in Fighting
  5351 | D:4      | Found a snail-covered altar of Cheibriados.
  5385 | D:5      | Entered Level 5 of the Dungeon
  5461 | D:5      | Noticed a two-headed ogre
  5485 | D:5      | Killed a two-headed ogre
  5486 | D:5      | Reached skill level 10 in Fighting
  5490 | D:5      | Reached skill level 11 in Fighting
  5518 | D:5      | Gained mutation: A meltable icy envelope protects you from
                  | harm. (AC +4) [demonic ancestry]
  5518 | D:5      | Reached XP level 9. HP: 49/81 MP: 9/9
  6012 | D:5      | Found an opulent altar of Gozag.
  6012 | D:5      | Found a sacrificial altar of Ru.
  6195 | D:5      | Noticed Ijyb
  6212 | D:5      | Killed Ijyb
  6319 | D:5      | Found a shadowy altar of Dithmenos.
  6613 | D:6      | You fall into a shaft and drop 1 floor!
  6646 | D:6      | Noticed Grinder
  6651 | D:6      | Paralysed by Grinder for 4 turns
  6655 | D:6      | Killed Grinder
  6656 | D:6      | Reached skill level 12 in Fighting
  6713 | D:6      | Found Rigian's Assorted Antiques.
  6719 | D:6      | Bought a vibrating bone amulet for 140 gold pieces
  6719 | D:6      | Identified the amulet of Inotwumm {Faith Harm} (You bought
                  | it in a shop on level 6 of the Dungeon)
  6937 | D:6      | Noticed Blork the orc
  6950 | D:6      | Killed Blork the orc
  6951 | D:6      | Reached skill level 1 in Shields
  7162 | D:6      | Found a bloodstained altar of Trog.
  7241 | D:6      | Noticed Eustachio
  7263 | D:6      | Killed Eustachio
  7833 | D:7      | Reached skill level 5 in Armour
  7875 | D:7      | Gained mutation: When seriously injured, your blood forms
                  | very thick armour. (AC +12) [demonic ancestry]
  7875 | D:7      | Reached XP level 10. HP: 86/89 MP: 10/10
  7908 | D:7      | Received a gift from Trog
  8276 | D:7      | Noticed Menkaure
  8284 | D:7      | Killed Menkaure
  8412 | D:7      | Found a staircase to the Ecumenical Temple.
  8846 | D:8      | Noticed Prince Ribbit
  8876 | D:8      | Killed Prince Ribbit
  9116 | D:8      | Reached skill level 5 in Shields
  9254 | D:8      | Found a hide-covered altar of Uskayaw.
  9725 | D:9      | Found a flagged portal.
  9763 | Bailey   | Entered a bailey
  9846 | Bailey   | Found a bloodstained altar of Trog.
  9948 | D:9      | Found a staircase to the Lair.
 10098 | D:9      | Noticed a rakshasa
 10127 | D:9      | Noticed a skeletal warrior
 10128 | D:9      | Noticed a manticore
 10149 | D:9      | Identified the +5 robe of the World {Drain rF+ rN+ Dex+8}
 10189 | D:9      | Killed a skeletal warrior
 10349 | D:9      | Reached XP level 11. HP: 66/95 MP: 11/11
 10654 | D:9      | Killed a rakshasa
 11213 | D:10     | Entered Level 10 of the Dungeon
 11241 | D:10     | Noticed Josephine
 11255 | D:10     | Killed Josephine
 11376 | D:10     | Noticed Harold
 11389 | D:10     | Killed Harold
 11399 | D:10     | Noticed Lodul
 11406 | D:10     | Killed Lodul
 11459 | D:10     | Noticed blackman's ghost (journeyman HuDe)
 11470 | D:10     | Found a transporter.
 11593 | D:10     | Found a stormy altar of Qazlal.
 11609 | D:10     | Noticed a two-headed ogre
 11622 | D:10     | Killed a two-headed ogre
 11623 | D:10     | Reached skill level 10 in Shields
 12002 | D:10     | Noticed Erolcha
 12078 | D:10     | Gained mutation: Your body sometimes deteriorates upon
                  | taking damage. [potion of mutation]
 12078 | D:10     | Gained mutation: You are covered in fur. (AC +1) [potion of
                  | mutation]
 12079 | D:10     | Lost mutation: Your body sometimes deteriorates upon taking
                  | damage. [potion of mutation]
 12079 | D:10     | Lost mutation: You are covered in fur. (AC +1) [potion of
                  | mutation]
 12079 | D:10     | Gained mutation: You occasionally lose the ability to drink
                  | potions when taking damage. [potion of mutation]
 12079 | D:10     | Gained mutation: Your flesh is cold resistant. (rC+)
                  | [potion of mutation]
 12112 | D:10     | Killed Erolcha
 12410 | D:10     | Found a transporter.
 12716 | D:10     | Gained mutation: You are dopey. (Int -2) [a neqoxec]
 12723 | D:10     | Gained mutation: You have hoof-like feet. [demonic
                  | ancestry]
 12723 | D:10     | Reached XP level 12. HP: 102/102 MP: 12/12
 12735 | D:10     | Killed blackman's ghost
 12911 | D:11     | Paralysed by a hornet for 3 turns
 12920 | D:11     | Reached skill level 10 in Armour
 13412 | D:11     | Noticed an eight-headed hydra
 13571 | D:11     | Noticed a boulder beetle
 13931 | D:11     | Killed a boulder beetle
 15349 | D:12     | Reached skill level 1 in Ranged Weapons
 15349 | D:12     | Reached skill level 1 in Invocations
 15486 | D:12     | Noticed a two-headed ogre
 15505 | D:12     | Killed a two-headed ogre
 15506 | D:12     | Reached skill level 1 in Short Blades
 15506 | D:12     | Reached skill level 1 in Long Blades
 15506 | D:12     | Reached skill level 1 in Staves
 15759 | D:12     | Identified the +5 ring mail of Puasu {-Cast rElec Stlth+}
 15876 | D:12     | Noticed a boulder beetle
 15943 | D:12     | Killed a boulder beetle
 16237 | D:12     | Mangled by a large slime creature

Illustrated notes

Levels and vault maps discovered:
D:1:      onia_arrival_handbag, layout_basic, nicolae_ecumenical_lake_church,
          nicolae_concentric_dashed_squares_wild, minmay_misc_feat_square
D:2:      layout_basic, uniq_robin, uniq_jessica
D:3:      layout_rooms, mainiacjoe_overflow_alcove_4, serial_corexii_hall,
          corexii_hall_statues_deadend, chequers_hall_statues_corner_a
D:4:      layout_loops_ring, nicolae_yredelemnul_corpse_copse,
          okawaru_metal_pillars_1_2, lemuel_coloured_pillars_altar,
          nicolae_ossuary_entry_catacombs, uniq_sigmund
D:5:      layout_rooms, marbit_many_paths, gammafunk_temple_overflow_elements,
          st_stairs_4, serial_bayou_pond_d, minmay_misc_feat_encased,
          grunt_ministairs_1, uniq_ijyb
D:6:      layout_basic, trog_hazing_becter, serial_shops, shop, uniq_grinder,
          uniq_blork_the_orc, uniq_eustachio
D:7:      lemuel_ice_spiral_2, layout_rooms, temple_green, minivault_24,
          uniq_menkaure
D:8:      layout_cave_pods, mainiacjoe_overflow_24_doors, uniq_prince_ribbit1
D:9:      layout_loops_ring, lair_entry_dummy, enter_bailey_5,
          minmay_fractal_squares_gapless_7
D:10:     layout_basic, nicolae_qazlal_eye_of_the_storm,
          gammafunk_ghost_stat_death, minmay_ruffians, uniq_lodul, uniq_harold,
          uniq_josephine, uniq_erolcha
D:11:     cheibrodos_fzero, layout_rooms
D:12:     layout_cave_pods, orc_0_dummy

Skill      XL: |  1  2  3  4  5  6  7  8  9 10 11 12 |
---------------+-------------------------------------+-----
Axes           | 3 4 5 8 |  8.0
Fighting       | 4 5 6 8 11 12 | 12.0
Armour         | 5 7 9 10 | 10.1
Shields        | 3 7 10 | 10.8
Ranged Weapons | 2 |  2.3
Invocations    | 3 |  3.3
Short Blades   | 2 |  2.1
Long Blades    | 2 |  2.1
Staves         | 2 |  2.1
Throwing       | |  0.1
Dodging        | |  1.7

Action                   |  1- 3 |  4- 6 |  7- 9 | 10-12 || total
-------------------------+-------+-------+-------+-------++-------
Melee: Hand axe          |   120 |   192 |   497 |   476 ||  1285
       Kick              |       |    47 |   177 |   332 ||   556
       Punch             |       |     1 |    10 |    16 ||    27
       War axe           |       |       |       |   395 ||   395
Throw: Throwing net      |       |       |       |     2 ||     2
Invok: Berserk           |     2 |     1 |     3 |    15 ||    21
       Trog's Hand       |     1 |     2 |     7 |    21 ||    31
       Brothers in Arms  |       |       |       |     1 ||     1
Evoke: Wand              |       |       |       |     7 ||     7
  Use: Scroll            |     2 |     3 |    12 |    10 ||    27
       Potion            |       |       |     4 |    10 ||    14
 Stab: Sleeping          |     3 |     2 |       |       ||     5
       Invisible         |       |       |     4 |       ||     4
Armor: Animal skin       |    46 |    30 |       |       ||    76
       Plate armour      |       |    43 |   158 |       ||   201
       Ring mail         |       |    17 |       |       ||    17
       Crystal plate arm |       |       |   245 |   505 ||   750
       Ice dragon scales |       |       |       |   558 ||   558
Dodge: Dodged            |    85 |    96 |   148 |   442 ||   771
Block: Other             |    16 |    36 |    77 |   179 ||   308
       Tower shield      |       |       |     9 |   172 ||   181

Table legend: (Time is in decaauts)
 A = Elapsed time spent in this place.
 B = Non-inter-level travel time spent in this place.
 C = Inter-level travel time spent in this place.
 D = Time resting spent in this place.
 E = Time spent auto-exploring this place.
 F = Levels seen in this place.
 G = Mean time per level.
                   A        B        C        D        E       F      G
               +--------+--------+--------+--------+--------+-----+--------+
         Total |  16640 |  16314 |    326 |   1037 |  11121 |  14 | 1188.6 |
       Dungeon |  16095 |  15769 |    326 |    897 |  11107 |  12 | 1341.2 |
       Ossuary |    358 |    358 |      0 |    140 |      0 |   1 |  358.0 |
        Bailey |    185 |    185 |      0 |      0 |     14 |   1 |  185.0 |
               +--------+--------+--------+--------+--------+-----+--------+

Top non-repeatable levels by time:
    D:11: 2060 daAuts
    D:10: 2057 daAuts
     D:1: 2023 daAuts
     D:9: 1476 daAuts
     D:4: 1258 daAuts
     D:8: 1245 daAuts
     D:5: 1166 daAuts
    D:12: 1051 daAuts
     D:2: 1032 daAuts
     D:6: 972 daAuts
     D:7: 968 daAuts
     D:3: 783 daAuts
 Ossuary: 358 daAuts
  Bailey: 185 daAuts
